 Dungeon Crawl Stone Soup version 0.26-a0-649-gf8c6c3aab7 (webtiles) character file.

Game seed: 4574351495078094513

47766 simcity the Destroyer (level 14, -4/85 HPs)
             Began as an Octopode Conjurer on Sept 26, 2020.
             Was an Initiate of Gozag.
             Killed from afar by a wretched star (29 damage)
             ... with a lance of force
             ... on level 2 of the Abyss.
             The game lasted 01:55:08 (30230 turns).

simcity the Destroyer (Octopode Conjurer)          Turns: 30230, Time: 01:55:08

Health: -4/85      AC:  1    Str:  7    XL:     14   Next: 43%
Magic:  20/29      EV: 14    Int: 25    God:    Gozag
Gold:   3663       SH:  4    Dex: 10    Spells: 10/35 levels left

rFire    . . .     SeeInvis .   c - +5 falchion "Zizipak" {elec, rC+}
rCold    + . .     Faith    .   u - +0 buckler
rNeg     . . .     Spirit   .   p - +0 hat {MR+}
rPois    .         Reflect  .   h - amulet of magic regeneration
rElec    .         Harm     .   G - ring of resist corrosion
rCorr    +         Rampage  .   S - ring of flight
MR       ++...                  (no ring)
Stlth    ++++......             (no ring)
HPRegen  0.24/turn              (no ring)
MPRegen  0.46/turn              (no ring)
                                (no ring)
                                (no ring)

@: gold aura
A: almost no armour, stealthy swim, amphibious, 8 rings, constrict 8, camouflage
1, gelatinous body 1
a: Potion Petition, Call Merchant, Bribe Branch, Renounce Religion, Evoke Flight


You were on level 2 of the Abyss.
You worshipped Gozag.
Gozag was most pleased with you.
You visited 4 branches of the dungeon, and saw 20 of its levels.
You visited the Abyss 1 time.

You collected 4390 gold pieces.
You spent 96 gold pieces at shops.
You paid 631 gold pieces to Gozag.

Inventory:

Hand Weapons
 c - the +5 falchion "Zizipak" (weapon) {elec, rC+}
   (You found it on level 5 of the Dungeon)

   Occasionally, upon striking a foe, it will discharge some electrical energy
   and cause terrible harm.
   It protects you from cold.
 r - a +4 scimitar of flaming
Missiles
 y - 14 curare-tipped darts (quivered)
 z - 6 silver javelins
Armour
 p - a +0 hat of magic resistance (worn)
 u - a +0 buckler (worn)
Magical Staves
 q - an uncursed staff of fire
Jewellery
 h - an amulet of magic regeneration (around mantle)
 j - an uncursed amulet of regeneration
 G - a ring of resist corrosion (left tentacle)
 S - a ring of flight (right tentacle)
Wands
 a - a wand of acid (5)
 o - a wand of flame (39)
 A - a wand of paralysis (13)
 B - a wand of disintegration (50)
 K - a wand of iceblast (8)
 N - a wand of digging (14)
Scrolls
 f - 3 scrolls of brand weapon
 g - 12 scrolls of teleportation
 k - 4 scrolls of fog
 l - 3 scrolls of magic mapping
 m - a scroll of random uselessness {unknown}
 n - 2 scrolls of fear
 s - 7 scrolls of remove curse
 w - a scroll of enchant weapon
 D - a scroll of torment {unknown}
 F - 4 scrolls of blinking
 J - a scroll of noise {unknown}
 O - 2 scrolls of acquirement
Potions
 b - 10 potions of curing
 d - 6 potions of heal wounds
 e - 4 potions of ambrosia
 i - 6 potions of magic
 t - 2 potions of cancellation
 v - 2 potions of haste
 x - a potion of invisibility {unknown}
 C - 2 potions of resistance {unknown}
 I - 2 potions of degeneration {unknown}
 L - 3 potions of flight
 M - 2 potions of brilliance
 Q - 2 potions of lignification {unknown}
Miscellaneous
 R - a lightning rod (4/4)


   Skills:
 - Level 4.0 Fighting
 - Level 4.0 Dodging
 - Level 7.0 Stealth
 - Level 4.0 Shields
 - Level 11.0 Spellcasting
 - Level 12.0 Conjurations
 - Level 11.0 Hexes
 - Level 10.0 Translocations
 + Level 6.3 Transmutations
 + Level 5.6 Earth Magic


You had 10 spell levels left.
You knew the following spells:

 Your Spells              Type           Power        Failure   Level
a - Magic Dart            Conj           ####         1%          1
b - Searing Ray           Conj           ######       1%          2
c - Fulminant Prism       Conj/Hex       ######....   1%          4
d - Iskenderun's Mystic   Conj/Tloc      ######..     1%          4
e - Dazzling Flash        Conj/Hex       ######       1%          3
f - Statue Form           Tmut/Erth      #####....    52%         6
g - Mephitic Cloud        Conj/Pois/Air  ####....     2%          3
h - Blink                 Tloc           N/A          1%          2

Your spell library contained the following spells:

 Spells                   Type           Power        Failure   Level
 Beastly Appendage        Tmut           #####.       1%          1
 Corona                   Hex            ######.      1%          1
 Sandblast                Erth           #####.       1%          1
 Passwall                 Tmut/Erth      #####...     1%          2
 Slow                     Hex            ######..     1%          2
 Wereblood                Tmut           #####...     1%          2
 Confusing Touch          Hex            ######..     1%          3
 Conjure Flame            Conj/Fire      #####...     1%          3
 Gell's Gravitas          Tloc           ######....   1%          3
 Inner Flame              Hex/Fire       #####...     1%          3
 Portal Projectile        Hex/Tloc       ######       1%          3
 Stone Arrow              Conj/Erth      ######       1%          3
 Cause Fear               Hex            ######....   1%          4
 Leda's Liquefaction      Hex/Erth       ######....   1%          4
 Spider Form              Tmut/Pois      ####......   3%          3
 Petrify                  Tmut/Erth      #####...     3%          4
 Yara's Violent Unravell  Hex/Tmut       ######....   3%          5
 Call Imp                 Summ           ##......     7%          2
 Corpse Rot               Necr/Air       N/A          7%          2
 Sublimation of Blood     Necr           ##........   7%          2
 Blade Hands              Tmut           #####.....   9%          5
 Bolt of Magma            Conj/Fire/Erth #####.....   11%         5
 Ice Form                 Ice/Tmut       ####....     12%         4
 Lee's Rapid Deconstruct  Erth           #####.....   12%         5
 Metabolic Englaciation   Hex/Ice        #####.....   13%         5
 Silence                  Hex/Air        #####.....   13%         5
 Iron Shot                Conj/Erth      ######....   19%         6
 Dispel Undead            Necr           ##......     41%         4
 Agony                    Necr           ##......     77%         5
 Excruciating Wounds      Necr           ##........   77%         5
 Discord                  Hex            ######....   97%         8
 Shatter                  Erth           #####.....   100%        9


Dungeon Overview and Level Annotations

Branches:
Dungeon (12/15)            Temple (1/1) D:7            Lair (6/6) D:10
  Swamp (0/4) Lair:3        Snake (0/4) Lair:4        Slime (0/5) Lair:6
    Orc (1/2) D:11

Altars:
Ashenzari
Gozag
Kikubaaqudgha
Makhleb
Qazlal
Sif Muna
Uskayaw
Wu Jian
Xom
Yredelemnul
Jiyva

Shops:
D:11 *

Annotations:
D:5 3 runed translucent doors, sahdkjhfkaj's ghost, novice DDFi
D:8 1 runed translucent door, iamoutofideas's ghost, novice GnIE
D:10 exclusion: orange crystal statue


Innate Abilities, Weirdness & Mutations

You cannot wear most types of armour.
You are very stealthy in the water. (Stealth+)
You are amphibious.
You can wear up to eight rings at the same time.
You can use your tentacles to constrict eight enemies at once.
Your skin changes colour to match your surroundings (Stealth+).
Your rubbery body absorbs attacks. (AC +1, EV +1)


Message History

Unknown command.
The demonic crawler closely misses you. The demonic crawler hits you! x2
* * * LOW HITPOINT WARNING * * *
Casting: Searing Ray (safe; 1% risk of failure)
Confirm with . or Enter, or press ? or * to list all spells.
Aiming: Searing Ray (safe; 1% risk of failure)
Press: ? - help, Shift-Dir - straight line, f/p - demonic crawler
Aim: a demonic crawler (severely wounded)
Okay, then.
Casting: Searing Ray (safe; 1% risk of failure)
Confirm with . or Enter, or press ? or * to list all spells.
You erupt in a blast of force!
The mystic blast hits the sixfirhy!
You kill the sixfirhy!
The mystic blast hits the demonic crawler!!
You kill the demonic crawler!
A wretched star comes into view.
The wretched star glows turbulently.
The lance of force hits you!!
You die...
Your body crumbles into a pile of gold.

# # #.# .. #
#X#
#..####.###
### # # . .
..... ...
...... # ..#.
.# .. #.#
.###.#.#.# ##
#..# #
#####.####.# .
.
#.....$.....##
#####$#.#..##
##
#*#.#..####...
#
#...@.......#
#
#.###.#######
#.....#
#######


You could see a wretched star.

Vanquished Creatures
  Rupert (Lair:5)
  Gastronok (D:11)
  A fire dragon (Lair:6)
  Harold (Lair:2)
  A hydra (Lair:4)
  Erica (D:11)
  A two-headed ogre (D:12)
  A centaur warrior (D:11)
  Sonja (D:11)
  A sixfirhy (Abyss:2)
  2 wizards (D:12)
  Pikel (D:6)
  An orc sorcerer (Orc:1)
  An ugly thing (D:10)
  2 cyclopes
  10 elephants
  Maurice (D:10)
  An ice statue (D:10)
  4 black mambas
  2 molten gargoyles (Lair:6)
  Psyche (D:9)
  13 cane toads
  A rime drake (Lair:6)
  11 komodo dragons
  A demonic crawler (Abyss:2)
  6 ice devils (D:10)
  A troll (D:11)
  A polar bear (Lair:2)
  3 meliai (D:10)
  A bog body (Lair:3)
  3 blink frogs (Lair:4)
  8 hippogriffs
  A shadow (D:12)
  37 yaks
  A ynoxinul (Abyss:2)
  7 wyverns
  A steam dragon (Lair:6)
  6 basilisks
  3 nagas (Lair:4)
  A warg (Orc:1)
  2 hell hounds (Lair:6)
  7 water moccasins
  9 porcupines
  4 ice beasts
  4 orc warriors
  3 phantoms
  A sky beast (D:5)
  2 black bears (D:8)
  12 centaurs
  3 ogres
  11 wolves
  16 crocodiles
  11 bullfrogs
  A water moccasin zombie (D:8)
  3 scorpions
  3 killer bees (D:12)
  17 wights
  An electric eel (Lair:3)
  A howler monkey (D:7)
  A bullfrog zombie (D:6)
  9 lava snakes
  A centaur zombie (D:7)
  A quasit (D:5)
  Crazy Yiuf (D:6)
  2 jellies
  10 orc priests
  6 hounds
  A bullfrog skeleton (D:6)
  4 centaur skeletons
  3 iguanas
  13 orc wizards
  12 worker ants
  3 hound zombies
  A hound skeleton (D:5)
  10 gnolls
  9 adders
  A shadow imp (D:5)
  4 white imps
  7 ufetubi
  2 oozes
  An adder skeleton (D:5)
  3 dart slugs
  5 leopard geckos
  50 orcs
  2 ball pythons
  6 giant cockroaches
  16 goblins
  5 hobgoblins
  3 jackals (D:1)
  12 kobolds
  6 quokkas
  13 bats
  6 frilled lizards
  A jackal skeleton (D:9)
  A leopard gecko zombie (D:6)
  A quokka skeleton (D:7)
  3 rats
  3 fulminant prisms
491 creatures vanquished.

Vanquished Creatures (others)
  430 fulminant prisms
  67 fungi
  61 plants
558 creatures vanquished.

Grand Total: 1049 creatures vanquished

Notes
Turn   | Place    | Note
-------+----------+-------------------------------------------
     0 | D:1      | simcity the Octopode Conjurer began the quest for the Orb.
     0 | D:1      | Reached XP level 1. HP: 11/11 MP: 3/3
   238 | D:1      | Reached XP level 2. HP: 17/17 MP: 3/5
   322 | D:1      | Learned a level 2 spell: Searing Ray
   695 | D:1      | Reached XP level 3. HP: 21/21 MP: 3/6
  1254 | D:2      | Learned a level 3 spell: Dazzling Flash
  1298 | D:2      | Reached XP level 4. HP: 27/27 MP: 5/8
  1473 | D:2      | Reached skill level 1 in Hexes
  1637 | D:2      | Reached skill level 5 in Conjurations
  1637 | D:2      | Reached XP level 5. HP: 17/31 MP: 4/10
  1782 | D:2      | Learned a level 4 spell: Fulminant Prism
  2128 | D:2      | Reached XP level 6. HP: 35/36 MP: 5/11
  3632 | D:3      | Found a broken altar of Ashenzari.
  3632 | D:3      | Found an ancient bone altar of Kikubaaqudgha.
  4072 | D:3      | Reached XP level 7. HP: 41/41 MP: 11/13
  4323 | D:3      | Found a shimmering altar of Xom.
  4326 | D:3      | Found an iron altar of Okawaru.
  4326 | D:3      | Found a shimmering altar of Xom.
  4328 | D:3      | Found a hide-covered altar of Uskayaw.
  4328 | D:3      | Found a shimmering altar of Xom.
  4328 | D:3      | Found a shimmering altar of Xom.
  4355 | D:3      | Found a hide-covered altar of Uskayaw.
  4605 | D:4      | Reached skill level 6 in Conjurations
  4612 | D:4      | Learned a level 4 spell: Iskenderun's Mystic Blast
  5165 | D:5      | Entered Level 5 of the Dungeon
  5323 | D:5      | Reached skill level 1 in Translocations
  5811 | D:5      | Reached skill level 5 in Spellcasting
  5814 | D:5      | Reached XP level 8. HP: 46/46 MP: 1/15
  6400 | D:5      | Found a runed translucent gate.
  6400 | D:5      | Found a runed translucent gate.
  6400 | D:5      | Found a runed translucent gate.
  6401 | D:5      | Noticed sahdkjhfkaj's ghost (novice DDFi)
  6578 | D:5      | Got a steaming falchion
  7074 | D:6      | Found a shimmering blue altar of Sif Muna.
  7448 | D:6      | Reached skill level 7 in Conjurations
  7617 | D:6      | Identified the +5 falchion "Zizipak" {elec, rC+} (You found
                  | it on level 5 of the Dungeon)
  7659 | D:6      | Reached skill level 5 in Hexes
  7673 | D:6      | Noticed Pikel
  7694 | D:6      | Killed Pikel
  7694 | D:6      | Reached XP level 9. HP: 18/51 MP: 0/18
  8186 | D:6      | Found a runed translucent door.
  8187 | D:6      | Noticed Crazy Yiuf
  8201 | D:6      | Killed Crazy Yiuf
  8921 | D:7      | Reached skill level 8 in Conjurations
  8921 | D:7      | Reached skill level 5 in Translocations
  9088 | D:7      | Found a staircase to the Ecumenical Temple.
  9100 | Temple   | Entered the Ecumenical Temple
  9106 | Temple   | Became a worshipper of Gozag Ym Sagoz the Greedy
  9571 | D:7      | Found an ornate altar of the Wu Jian Council.
  9574 | D:7      | Found a stormy altar of Qazlal.
  9867 | D:8      | Found a runed translucent door.
  9867 | D:8      | Noticed iamoutofideas's ghost (novice GnIE)
  9912 | D:8      | Reached XP level 10. HP: 55/56 MP: 1/20
 10192 | D:8      | Found a basalt altar of Yredelemnul.
 10193 | D:8      | Got a crude falchion
 11057 | D:9      | Noticed Psyche
 11297 | D:9      | Killed Psyche
 11297 | D:9      | Reached skill level 9 in Conjurations
 12638 | D:9      | Identified the +10 falchion of Doomed Defiance {distort,
                  | +Inv +Fly rF+ rN+ SInv} (You found it on level 8 of the
                  | Dungeon)
 12666 | D:10     | Entered Level 10 of the Dungeon
 12666 | D:10     | Noticed Maurice
 12675 | D:10     | Killed Maurice
 12893 | D:10     | Noticed an elephant
 12902 | D:10     | Killed an elephant
 12908 | D:10     | Reached XP level 11. HP: 18/61 MP: 1/23
 13368 | D:10     | Noticed a cyclops
 13848 | D:10     | Found a staircase to the Lair.
 14583 | D:10     | Noticed an orange crystal statue
 15573 | D:10     | Killed a cyclops
 15984 | D:10     | Reached skill level 1 in Fighting
 16394 | Lair:1   | Entered Level 1 of the Lair of Beasts
 16407 | Lair:1   | Reached skill level 10 in Conjurations
 17830 | Lair:2   | Noticed Harold
 18010 | Lair:2   | Reached XP level 12. HP: 72/72 MP: 19/25
 18741 | Lair:2   | Paralysed by Harold for 4 turns
 19126 | Lair:2   | Killed Harold
 19335 | Lair:3   | Reached skill level 1 in Shields
 19458 | Lair:3   | Found a staircase to the Swamp.
 20187 | Lair:3   | Reached skill level 11 in Conjurations
 20675 | Lair:4   | Reached skill level 10 in Hexes
 20684 | Lair:4   | Noticed a five-headed hydra
 21228 | Lair:4   | Killed a five-headed hydra
 21228 | Lair:4   | Reached skill level 10 in Spellcasting
 21228 | Lair:4   | Reached XP level 13. HP: 79/79 MP: 10/27
 21496 | Lair:4   | Found a staircase to the Snake Pit.
 22640 | Lair:5   | Noticed Rupert
 22666 | Lair:5   | Killed Rupert
 23287 | Lair:6   | Entered Level 6 of the Lair of Beasts
 23327 | Lair:6   | Learned a level 6 spell: Statue Form
 23605 | Lair:6   | Reached skill level 10 in Translocations
 23826 | Lair:6   | Reached skill level 5 in Stealth
 24089 | Lair:6   | Reached skill level 1 in Transmutations
 24632 | Lair:6   | Found a viscous altar of Jiyva.
 24632 | Lair:6   | Found a staircase to the Slime Pits.
 25282 | Lair:6   | Reached skill level 12 in Conjurations
 25333 | Lair:6   | Upgraded the game from 0.26-a0-648-g87339cca5e to
                  | 0.26-a0-649-gf8c6c3aab7
 25408 | Lair:6   | Noticed a fire dragon
 25556 | Lair:6   | Found a large runed translucent door.
 25557 | Lair:6   | Found a large runed translucent door.
 26049 | Lair:6   | Killed a fire dragon
 26049 | Lair:6   | Reached skill level 1 in Earth Magic
 26496 | D:11     | Noticed Erica
 26520 | D:11     | Noticed Sonja
 26866 | D:10     | Found a staircase to the Lair.
 26988 | D:10     | Reached XP level 14. HP: 85/85 MP: 10/29
 27534 | D:11     | Noticed Gastronok
 27537 | D:11     | Killed Sonja
 28067 | D:11     | Killed Gastronok
 28067 | D:11     | Reached skill level 5 in Transmutations
 28088 | D:11     | Killed Erica
 28239 | D:11     | Found Osaru's General Store.
 28244 | D:11     | Bought a scroll of fog for 24 gold pieces
 28244 | D:11     | Bought a scroll of identify for 24 gold pieces
 28244 | D:11     | Bought a potion of brilliance for 48 gold pieces
 28246 | D:11     | Identified 2 scrolls of acquirement
 28310 | D:11     | Found a staircase to the Orcish Mines.
 28397 | Orc:1    | Entered Level 1 of the Orcish Mines
 29339 | D:12     | Learned a level 3 spell: Mephitic Cloud
 29342 | D:12     | Learned a level 2 spell: Blink
 29482 | D:12     | Reached skill level 5 in Earth Magic
 29825 | D:12     | Paralysed by a wizard for 4 turns
 29835 | D:12     | Cast into level 2 of the Abyss (a wizard)
 29955 | Abyss:2  | Noticed a starcursed mass
 30230 | Abyss:2  | Killed from afar by a wretched star

Illustrated notes

Levels and vault maps discovered:
D:1:      roderic_crossed_star, layout_basic
D:2:      layout_basic
D:3:      layout_rooms, overflow_temple_1_default,
          gammafunk_temple_overflow_elements, doesnt_xom_only_xom
D:4:      layout_cave_pools
D:5:      layout_basic, portal_sewer_entry_e, gammafunk_ghost_necromancy,
          minmay_misc_feat_five, patterned_corridor
D:6:      layout_loops_ring, led_sif_pool, kennysheep_generic_room_3,
          uniq_pikel, uniq_crazy_yiuf_cottage
D:7:      layout_loops_cross, minitemple, minmay_temple_entry_statues_fountains
D:8:      layout_loops_ring, yredelemnul_altar_generic,
          hellmonk_ghost_happy_afterlife
D:9:      layout_layer_cave, uniq_psyche
D:10:     cheibrodos_frozen_isle, layout_loops_ring, david_lair_generic,
          disabler_island, uniq_maurice
D:11:     layout_cross, orc_david_3, serial_shops, kennysheep_little_box,
          uniq_erica, uniq_sonja, uniq_gastronok
D:12:     minmay_wizard_corner, layout_basic
Temple:   eino_wide_crystal_templ
Lair:1:   layout_long_grid, minmay_hedge_maze
Lair:2:   layout_loops_ring, beast_lair_carwin_11, infiniplex_staircase_pool_2,
          lemuel_fruit_fields, uniq_harold
Lair:3:   layout_big_grid, nicolae_swamp_entry_splash_gauntlet, st_stairs_7,
          chequers_serial_rivers_marsh
Lair:4:   layout_regular_city, minmay_snake_entry_guardpost_small
Lair:5:   layout_long_grid, uniq_rupert
Lair:6:   cheibrodos_lair_end_hotspot, layout_cave_pods, slime_altar_1
Orc:1:    layout_caves, uniq_fannar, uniq_urug
Abyss:2:  base: D:7, bh_abyss_negative, evilmike_abyss_exit_17

Skill      XL: |  1  2  3  4  5  6  7  8  9 10 11 12 13 14 |
---------------+-------------------------------------------+-----
Spellcasting   | 3 4 5 6 7 8 9 10 11 | 11.0
Hexes          | 1 2 3 4 5 6 7 9 10 11 | 11.0
Conjurations   | 5 6 7 8 9 10 11 12 | 12.0
Translocations | 2 4 5 7 8 9 10 | 10.0
Stealth        | 3 4 7 |  7.0
Dodging        | 3 4 |  4.0
Fighting       | 3 4 |  4.0
Shields        | 3 4 |  4.0
Transmutations | 3 6 |  6.3
Earth Magic    | 2 5 |  5.6

Action                   |  1- 3 |  4- 6 |  7- 9 | 10-12 | 13-15 || total
-------------------------+-------+-------+-------+-------+-------++-------
Melee: Unarmed           |    10 |       |       |       |       ||    10
       Constrict         |     4 |     3 |     4 |     5 |     3 ||    19
       Tentacles         |     3 |       |     2 |     5 |     2 ||    12
       Dagger            |       |    17 |    15 |       |       ||    32
       Falchion          |       |       |     2 |    13 |     7 ||    22
       Staff             |       |       |       |     7 |     5 ||    12
 Cast: Magic Dart        |    36 |    59 |    24 |    23 |     4 ||   146
       Searing Ray       |     9 |    16 |    38 |    48 |    36 ||   147
       Fulminant Prism   |       |     2 |    45 |   197 |   190 ||   434
       Iskenderun's Myst |       |       |     7 |    21 |    40 ||    68
       Mephitic Cloud    |       |       |       |       |     2 ||     2
Invok: Potion Petition   |       |       |       |       |     2 ||     2
Evoke: Wand              |       |       |     5 |     3 |       ||     8
  Use: Scroll            |       |       |    13 |     7 |    10 ||    30
       Potion            |       |       |       |       |     2 ||     2
 Stab: Sleeping          |       |       |       |       |     1 ||     1
Armor: Skin              |     2 |     8 |       |     1 |     1 ||    12
Dodge: Dodged            |    21 |    15 |    36 |    38 |    38 ||   148
Block: Buckler           |       |       |       |       |     9 ||     9
       Rpst.: Falchion   |       |       |     3 |     5 |     5 ||    13

Table legend: (Time is in decaauts)
 A = Elapsed time spent in this place.
 B = Non-inter-level travel time spent in this place.
 C = Inter-level travel time spent in this place.
 D = Time resting spent in this place.
 E = Time spent auto-exploring this place.
 F = Levels seen in this place.
 G = Mean time per level.
                   A        B        C        D        E       F      G
               +--------+--------+--------+--------+--------+-----+--------+
         Total |  30301 |  29328 |    973 |  11340 |  13241 |  21 | 1442.9 |
       Dungeon |  20357 |  19793 |    564 |   8277 |   8882 |  12 | 1696.4 |
        Temple |     13 |     13 |      0 |      0 |      2 |   1 |   13.0 |
          Lair |   9525 |   9116 |    409 |   2905 |   4357 |   6 | 1587.5 |
  Orcish Mines |      9 |      9 |      0 |      0 |      0 |   1 |    9.0 |
         Abyss |    395 |    395 |      0 |    158 |      0 |   1 |  395.0 |
               +--------+--------+--------+--------+--------+-----+--------+

Top non-repeatable levels by time:
     D:9: 3619 daAuts
    D:10: 3334 daAuts
  Lair:6: 2856 daAuts
     D:2: 2366 daAuts
  Lair:3: 1979 daAuts
     D:5: 1862 daAuts
     D:6: 1770 daAuts
    D:11: 1639 daAuts
  Lair:1: 1493 daAuts
  Lair:4: 1267 daAuts
     D:1: 1222 daAuts
     D:8: 1028 daAuts
     D:7: 1023 daAuts
  Lair:5: 975 daAuts
  Lair:2: 952 daAuts
